Wild vs Predators

Created - December 18 2011 at 11:36

Goals
1 2 3 OT1 SO T
Wild 3 0 3 0 2 6
Predators 3 2 1 0 3 7
Shots
1 2 3 OT1 SO T
Wild 14 6 18 1 3 39
Predators 11 8 9 6 3 34

Period #1

1. Predators , Steven Stamkos 31 (Jeff Carter) at 0:23
2. Predators , Nicklas Backstrom 20 (Jeff Carter) at 1:27
3. Wild , Brian Gionta 16 (Michal Rozsival, Rene Bourque) at 3:21 (PP)
4. Wild , Milan Michalek 7 (Christopher Higgins, Ryan Getzlaf) at 14:06
5. Predators , Nicklas Backstrom 21 (Jeff Carter, Steven Stamkos) at 17:56 (PP)
6. Wild , Mike Modano 1 (Andrew Alberts, Bobby Ryan) at 19:40

Penalties :
Shea Weber (NSH) for Elbowing (Minor) at 2:03, Shea Weber (NSH) for Roughing (Minor) at 10:39, Ryan Getzlaf (MIN) for Holding (Minor) at 17:50

Period #2

7. Predators , Jeff Carter 23 (Nicklas Backstrom, Steven Stamkos) at 0:10
8. Predators , Marian Gaborik 13 (Mikhail Grabovski, Patric Hornqvist) at 17:33

Penalties :
Brent Burns (NSH) for Fighting (Major) at 0:33, Bobby Ryan (MIN) for Fighting (Major) at 0:33, Bobby Ryan (MIN) for instigated a fight (Game Misconduct) at 0:33, Colin White (MIN) for Goalie Interference (Minor) at 1:04, Braydon Coburn (NSH) for Roughing (Minor) at 3:39, Marian Gaborik (NSH) for Interference (Minor) at 7:55, Brent Burns (NSH) for Slashing (Minor) at 8:14, Cody Franson (NSH) for Roughing (Minor) at 19:30

Period #3

9. Wild , Ryan Getzlaf 20 (Joni Pitkanen, Brian Gionta) at 0:33 (PP)
10. Predators , Jeff Carter 24 (Steven Stamkos, Nicklas Backstrom) at 3:25
11. Wild , Mike Modano 2 (Alexei Ponikarovsky, Ryan Getzlaf) at 3:38
12. Wild , Niclas Wallin 2 (Christopher Higgins, Ruslan Fedotenko) at 9:50

Penalties :
Brent Burns (NSH) for Holding (Minor) at 5:18, Shea Weber (NSH) for Roughing (Minor) at 7:20, Shea Weber (NSH) for Roughing (Minor) at 10:31, Wayne Simmonds (NSH) for Tripping (Minor) at 17:10, Brian Gionta (MIN) for Holding (Minor) at 17:10, Michal Rozsival (MIN) for Hooking (Minor) at 19:36

Overtime #1

No Goal

Penalties :
Joni Pitkanen (MIN) for Hooking (Minor) at 2:34

Shootout

Penalty Shot by Ryan Getzlaf for Wild - Goal!
Penalty Shot by Nicklas Backstrom for Predators - Goal!
Penalty Shot by Brian Gionta for Wild - Goal!
Penalty Shot by Marian Gaborik for Predators - Goal!
Penalty Shot by Rene Bourque for Wild - Stopped by Pekka Rinne
Penalty Shot by Steven Stamkos for Predators - Goal!

Penalties :
No Penalty

Goalie Stats

Craig Anderson (MIN), 14 saves from 15 shots - (0.933), OTL, 16-13-3, 27:27 minutes
Pascal Leclaire (MIN), 14 saves from 19 shots - (0.737), 37:33 minutes
Pekka Rinne (NSH), 33 saves from 39 shots - (0.846), W, 20-10-3, 65:00 minutes

Players Stats

Wild
Player Name              G  A  P  +/- PIM S  H  SB FO    MP 
------------------------------------------------------------
Alexei Ponikarovsky      0  1  1   1  0   1  2  0  0/0   18 
Andrew Alberts           0  1  1   1  0   0  3  0  0/0   15 
Bobby Ryan               0  1  1   1  17  0  0  0  5/9   8  
Brian Gionta             1  1  2   0  2   3  1  0  1/5   21 
Brian Willsie            0  0  0   0  0   0  0  0  0/0   5  
Christopher Higgins      0  2  2  -2  0   4  1  0  4/5   21 
Colin White              0  0  0   0  2   0  0  0  1/1   8  
Joel Ward                0  0  0   0  0   1  0  0  0/0   1  
Joni Pitkanen            0  1  1   0  2   3  1  0  0/0   26 
Marc-Andre Bergeron      0  0  0  -2  0   1  1  0  0/0   17 
Michal Rozsival          0  1  1  -2  2   3  1  0  0/0   23 
Mike Modano              2  0  2   0  0   6  0  0  13/29 21 
Milan Michalek           1  0  1  -2  0   2  0  0  2/6   23 
Niclas Wallin            1  0  1   1  0   1  1  0  0/0   17 
Rene Bourque             0  1  1   0  0   3  0  0  4/10  24 
Ruslan Fedotenko         0  1  1   1  0   1  2  0  0/0   10 
Ryan Getzlaf             1  2  3  -2  2   6  6  1  22/36 27 
Tom Gilbert              0  0  0   0  0   4  0  1  0/0   24 
Predators
Player Name              G  A  P  +/- PIM S  H  SB FO    MP 
------------------------------------------------------------
Brandon Prust            0  0  0   0  0   0  0  0  0/0   6  
Braydon Coburn           0  0  0  -2  2   0  5  0  0/0   20 
Brent Burns              0  0  0  -1  9   2  0  1  0/0   21 
Chad LaRose              0  0  0   0  0   2  0  0  1/1   12 
Cody Franson             0  0  0  -1  2   2  1  1  0/0   19 
Jeff Carter              2  3  5   4  0   5  1  0  1/2   18 
Jeff Woywitka            0  0  0  -2  0   1  0  1  0/0   18 
Marian Gaborik           1  0  1  -2  2   1  0  0  2/2   18 
Mikhail Grabovski        0  1  1  -1  0   3  0  0  9/17  17 
Nicklas Backstrom        2  2  4   4  0   3  2  0  17/33 25 
Patric Hornqvist         0  1  1  -1  0   5  0  0  2/3   13 
Paul Gaustad             0  0  0   0  0   0  1  0  3/8   3  
Shea Weber               0  0  0   4  8   1  5  2  0/0   25 
Simon Gagne              0  0  0  -2  0   0  0  0  0/1   18 
Steven Stamkos           1  3  4   4  0   8  2  0  5/10  18 
T.J. Galiardi            0  0  0  -1  0   1  1  0  8/22  17 
Tomas Kaberle            0  0  0   4  0   0  0  2  0/0   23 
Wayne Simmonds           0  0  0  -2  2   0  2  0  1/2   13 

3 Stars

1 - Jeff Carter (NSH)
2 - Nicklas Backstrom (NSH)
3 - Steven Stamkos (NSH)

Power Play

Wild - 2 on 9 Attempt(s) - 22.22%
Predators - 1 on 5 Attempt(s) - 20.00%

Penalty Kill

Wild - 4 on 5 Attempt(s) - 80.00% - Score 0 goal in Penalty Kill
Predators - 7 on 9 Attempt(s) - 77.78% - Score 0 goal in Penalty Kill

Game Notes

Joel Ward is injured at 2:02 of 1st period (Sprained Right Finger)
Brent Burns beats up Bobby Ryan at 0:33 of 2nd period
Bobby Ryan ejected from game at 0:33 of 2nd period
Paul Gaustad is injured at 3:41 of 2nd period (Bruised Right Leg)
Craig Anderson enters game at 17:33 of 2nd period

Finance

Level 1 -- Attendance: 6497 (99.95%) -- Ticket Income $519,760.00
Level 2 -- Attendance: 5000 (100.00%) -- Ticket Income $260,000.00
Level 3 -- Attendance: 3222 (92.06%) -- Ticket Income $96,660.00
Level 4 -- Attendance: 1113 (100.00%) -- Ticket Income $22,260.00
Luxury Box -- Attendance: 973 (97.30%) -- Ticket Income $131,355.00
Game was played at the Bridgestone Arena
Total Attendance: 16805 (98.20%)
Total Ticket Income: $1,042,470.00
Other Income: $220,371.90
Total Income: $1,262,842.00


Play by Play

Period #1

0:01 of 1st period - Steven Stamkos wins face-off versus Ryan Getzlaf in neutral zone.
0:01 of 1st period - Shea Weber is hit by Ryan Getzlaf and loses puck.
0:23 of 1st period - Shot by Steven Stamkos.
0:23 of 1st period - Goal by Steven Stamkos - Wild : 0 - Predators : 1.
0:24 of 1st period - Brian Gionta wins face-off versus Mikhail Grabovski in neutral zone.
0:55 of 1st period - Shot by Mikhail Grabovski.
0:55 of 1st period - Shot Misses the Net.
1:27 of 1st period - Shot by Nicklas Backstrom.
1:27 of 1st period - Goal by Nicklas Backstrom - Wild : 0 - Predators : 2.
1:28 of 1st period - T.J. Galiardi wins face-off versus Mike Modano in neutral zone.
1:54 of 1st period - Shot by Alexei Ponikarovsky.
1:54 of 1st period - Shot Blocked by Jeff Woywitka.
1:56 of 1st period - Shot by Joel Ward.
1:56 of 1st period - Stopped by Pekka Rinne with a rebound.
2:01 of 1st period - Joel Ward is hit by Braydon Coburn and loses puck.
2:02 of 1st period - Joel Ward from Wild is injured at 2:02 of 1st period (Sprained Right Finger).
2:03 of 1st period - Ryan Getzlaf wins face-off versus Nicklas Backstrom in Predators zone.
2:03 of 1st period - Minor Penalty to Shea Weber for Elbowing.
2:04 of 1st period - T.J. Galiardi wins face-off versus Bobby Ryan in Predators zone.
2:55 of 1st period - Shot by Joni Pitkanen.
2:55 of 1st period - Shot Misses the Net.
2:57 of 1st period - Shot by Ryan Getzlaf.
2:57 of 1st period - Shot Misses the Net.
2:59 of 1st period - Shot by Joni Pitkanen.
2:59 of 1st period - Shot Misses the Net.
3:01 of 1st period - Shot by Joni Pitkanen.
3:01 of 1st period - Stopped by Pekka Rinne without a rebound.
3:02 of 1st period - Ryan Getzlaf wins face-off versus Paul Gaustad in Predators zone.
3:21 of 1st period - Shot by Brian Gionta.
3:21 of 1st period - Goal by Brian Gionta - Wild : 1 - Predators : 2.
3:22 of 1st period - Mike Modano wins face-off versus Steven Stamkos in neutral zone.
3:44 of 1st period - Shot by Mike Modano.
3:44 of 1st period - Stopped by Pekka Rinne without a rebound.
3:45 of 1st period - Ryan Getzlaf wins face-off versus Mikhail Grabovski in Predators zone.
4:00 of 1st period - Shot by Mikhail Grabovski.
4:00 of 1st period - Shot Misses the Net.
4:02 of 1st period - Shot by Cody Franson.
4:02 of 1st period - Stopped by Pascal Leclaire with a rebound.
4:14 of 1st period - Shot by Patric Hornqvist.
4:14 of 1st period - Shot Misses the Net.
4:18 of 1st period - Shot by Brent Burns.
4:18 of 1st period - Stopped by Pascal Leclaire with a rebound.
4:20 of 1st period - Shot by Patric Hornqvist.
4:20 of 1st period - Stopped by Pascal Leclaire without a rebound.
4:21 of 1st period - Bobby Ryan wins face-off versus Nicklas Backstrom in Wild zone.
4:34 of 1st period - Shot by Brian Gionta.
4:34 of 1st period - Shot Misses the Net.
4:36 of 1st period - Shot by Joni Pitkanen.
4:36 of 1st period - Shot Misses the Net.
4:40 of 1st period - Shot by Bobby Ryan.
4:40 of 1st period - Shot Blocked by Tomas Kaberle.
4:44 of 1st period - Shot by Rene Bourque.
4:44 of 1st period - Shot Misses the Net.
4:46 of 1st period - Shot by Tom Gilbert.
4:46 of 1st period - Deflect By Rene Bourque.
4:46 of 1st period - Shot Misses the Net.
4:50 of 1st period - Shot by Brian Gionta.
4:50 of 1st period - Shot Misses the Net.
4:52 of 1st period - Shot by Tom Gilbert.
4:52 of 1st period - Shot Misses the Net.
4:54 of 1st period - Shot by Brian Gionta.
4:54 of 1st period - Stopped by Pekka Rinne without a rebound.
4:55 of 1st period - Mike Modano wins face-off versus T.J. Galiardi in Predators zone.
5:09 of 1st period - Simon Gagne is hit by Andrew Alberts.
6:34 of 1st period - Shot by Jeff Carter.
6:34 of 1st period - Stopped by Pascal Leclaire with a rebound.
7:13 of 1st period - Icing by Cody Franson.
7:14 of 1st period - Mikhail Grabovski wins face-off versus Bobby Ryan in Predators zone.
7:14 of 1st period - Mikhail Grabovski is hit by Alexei Ponikarovsky.
7:42 of 1st period - Shot by Mikhail Grabovski.
7:42 of 1st period - Shot Hit the Post.
7:46 of 1st period - Shot by Patric Hornqvist.
7:46 of 1st period - Stopped by Pascal Leclaire without a rebound.
7:47 of 1st period - Ryan Getzlaf wins face-off versus Paul Gaustad in Wild zone.
8:18 of 1st period - Shot by Brian Gionta.
8:18 of 1st period - Shot Blocked by Shea Weber.
8:45 of 1st period - Shot by Simon Gagne.
8:45 of 1st period - Deflect By T.J. Galiardi.
8:45 of 1st period - Stopped by Pascal Leclaire without a rebound.
8:46 of 1st period - Ryan Getzlaf wins face-off versus Mikhail Grabovski in Wild zone.
10:01 of 1st period - Icing by Brian Gionta.
10:02 of 1st period - Nicklas Backstrom wins face-off versus Bobby Ryan in Wild zone.
10:39 of 1st period - Minor Penalty to Shea Weber for Roughing.
10:40 of 1st period - Bobby Ryan wins face-off versus Paul Gaustad in Predators zone.
10:51 of 1st period - Shot by Marc-Andre Bergeron.
10:51 of 1st period - Stopped by Pekka Rinne without a rebound.
10:52 of 1st period - Ryan Getzlaf wins face-off versus Paul Gaustad in Predators zone.
10:52 of 1st period - Ryan Getzlaf is hit by Braydon Coburn.
11:00 of 1st period - Shot by Ryan Getzlaf.
11:00 of 1st period - Stopped by Pekka Rinne without a rebound.
11:01 of 1st period - Bobby Ryan wins face-off versus T.J. Galiardi in Predators zone.
11:14 of 1st period - Shot by Christopher Higgins.
11:14 of 1st period - Deflect By Milan Michalek.
11:14 of 1st period - Shot Misses the Net.
11:21 of 1st period - Shot by Christopher Higgins.
11:21 of 1st period - Stopped by Pekka Rinne with a rebound.
11:58 of 1st period - Shot by Rene Bourque.
11:58 of 1st period - Shot Misses the Net.
12:00 of 1st period - Shot by Michal Rozsival.
12:00 of 1st period - Stopped by Pekka Rinne with a rebound.
12:22 of 1st period - Shot by Mike Modano.
12:22 of 1st period - Shot Misses the Net.
12:24 of 1st period - Shot by Ruslan Fedotenko.
12:24 of 1st period - Stopped by Pekka Rinne without a rebound.
12:25 of 1st period - Bobby Ryan wins face-off versus Paul Gaustad in Predators zone.
12:28 of 1st period - Shot by Milan Michalek.
12:28 of 1st period - Shot Misses the Net.
12:32 of 1st period - Shot by Milan Michalek.
12:32 of 1st period - Shot Misses the Net.
12:36 of 1st period - Shot by Tom Gilbert.
12:36 of 1st period - Stopped by Pekka Rinne without a rebound.
12:37 of 1st period - Paul Gaustad wins face-off versus Brian Gionta in Predators zone.
12:46 of 1st period - Steven Stamkos is hit by Ruslan Fedotenko and loses puck.
13:25 of 1st period - Shot by Steven Stamkos.
13:25 of 1st period - Stopped by Pascal Leclaire with a rebound.
13:46 of 1st period - Shot by Brian Gionta.
13:46 of 1st period - Shot Hit the Post.
13:48 of 1st period - Shot by Bobby Ryan.
13:48 of 1st period - Deflect By Brian Gionta.
13:48 of 1st period - Shot Misses the Net.
14:04 of 1st period - Shot by Ryan Getzlaf.
14:04 of 1st period - Deflect By Christopher Higgins.
14:04 of 1st period - Stopped by Pekka Rinne with a rebound.
14:06 of 1st period - Shot by Milan Michalek.
14:06 of 1st period - Goal by Milan Michalek - Wild : 2 - Predators : 2.
14:07 of 1st period - Chad LaRose wins face-off versus Mike Modano in neutral zone.
14:48 of 1st period - Rene Bourque is hit by Paul Gaustad and loses puck.
16:11 of 1st period - Off-side.
16:12 of 1st period - Nicklas Backstrom wins face-off versus Mike Modano in neutral zone.
16:17 of 1st period - Icing by Andrew Alberts.
16:18 of 1st period - Nicklas Backstrom wins face-off versus Mike Modano in Wild zone.
16:56 of 1st period - Icing by Niclas Wallin.
16:57 of 1st period - Mike Modano wins face-off versus Patric Hornqvist in Wild zone.
17:50 of 1st period - Minor Penalty to Ryan Getzlaf for Holding.
17:51 of 1st period - Nicklas Backstrom wins face-off versus Bobby Ryan in Wild zone.
17:56 of 1st period - Shot by Nicklas Backstrom.
17:56 of 1st period - Goal by Nicklas Backstrom - Wild : 2 - Predators : 3.
17:57 of 1st period - Ryan Getzlaf wins face-off versus T.J. Galiardi in neutral zone.
18:11 of 1st period - Ryan Getzlaf is hit by Braydon Coburn and loses puck.
18:28 of 1st period - Shot by Christopher Higgins.
18:28 of 1st period - Shot Misses the Net.
19:16 of 1st period - Shot by Steven Stamkos.
19:16 of 1st period - Shot Misses the Net.
19:18 of 1st period - Shot by Steven Stamkos.
19:18 of 1st period - Stopped by Pascal Leclaire without a rebound.
19:19 of 1st period - Mikhail Grabovski wins face-off versus Mike Modano in Wild zone.
19:24 of 1st period - Shot by Mikhail Grabovski.
19:24 of 1st period - Shot Misses the Net.
19:40 of 1st period - Shot by Mike Modano.
19:40 of 1st period - Goal by Mike Modano - Wild : 3 - Predators : 3.
19:41 of 1st period - Paul Gaustad wins face-off versus Rene Bourque in neutral zone.

Period #2

0:01 of 2nd period - Jeff Carter wins face-off versus Ryan Getzlaf in neutral zone.
0:10 of 2nd period - Shot by Jeff Carter.
0:10 of 2nd period - Goal by Jeff Carter - Wild : 3 - Predators : 4.
0:11 of 2nd period - Bobby Ryan wins face-off versus Mikhail Grabovski in neutral zone.
0:33 of 2nd period - Brent Burns beats up Bobby Ryan.
0:33 of 2nd period - Penalty to Brent Burns for Fighting.
0:33 of 2nd period - Penalty to Bobby Ryan for Fighting.
0:33 of 2nd period - Penalty to Bobby Ryan for instigated a fight.
0:33 of 2nd period - Bobby Ryan is ejected from game.
0:34 of 2nd period - Ryan Getzlaf wins face-off versus Nicklas Backstrom in neutral zone.
0:53 of 2nd period - Shot by Shea Weber.
0:53 of 2nd period - Shot Blocked by Ryan Getzlaf.
0:55 of 2nd period - Shot by Nicklas Backstrom.
0:55 of 2nd period - Stopped by Pascal Leclaire without a rebound.
0:56 of 2nd period - Mikhail Grabovski wins face-off versus Mike Modano in Wild zone.
1:04 of 2nd period - Minor Penalty to Colin White for Goalie Interference.
1:05 of 2nd period - Mikhail Grabovski wins face-off versus Ryan Getzlaf in Wild zone.
1:06 of 2nd period - Shot by Steven Stamkos.
1:06 of 2nd period - Stopped by Pascal Leclaire without a rebound.
1:07 of 2nd period - Mike Modano wins face-off versus Nicklas Backstrom in Wild zone.
1:59 of 2nd period - Off-side.
2:00 of 2nd period - Mikhail Grabovski wins face-off versus Ryan Getzlaf in neutral zone.
2:07 of 2nd period - Joni Pitkanen is hit by Steven Stamkos and loses puck.
2:50 of 2nd period - Niclas Wallin is hit by Nicklas Backstrom and loses puck.
2:59 of 2nd period - Shot by Jeff Carter.
2:59 of 2nd period - Shot Misses the Net.
3:01 of 2nd period - Shot by Braydon Coburn.
3:01 of 2nd period - Shot Misses the Net.
3:03 of 2nd period - Shot by Cody Franson.
3:03 of 2nd period - Shot Misses the Net.
3:05 of 2nd period - Shot by Jeff Woywitka.
3:05 of 2nd period - Stopped by Pascal Leclaire without a rebound.
3:06 of 2nd period - Ryan Getzlaf wins face-off versus T.J. Galiardi in Wild zone.
3:06 of 2nd period - Ryan Getzlaf is hit by T.J. Galiardi.
3:15 of 2nd period - Christopher Higgins is hit by Braydon Coburn and loses puck.
3:22 of 2nd period - Shot by Simon Gagne.
3:22 of 2nd period - Shot Misses the Net.
3:39 of 2nd period - Minor Penalty to Braydon Coburn for Roughing.
3:40 of 2nd period - Paul Gaustad wins face-off versus Mike Modano in Predators zone.
3:40 of 2nd period - Paul Gaustad is hit by Brian Gionta.
3:41 of 2nd period - Paul Gaustad from Predators is injured at 3:41 of 2nd period (Bruised Right Leg).
3:42 of 2nd period - Mikhail Grabovski wins face-off versus Mike Modano in Predators zone.
3:53 of 2nd period - Shot by Rene Bourque.
3:53 of 2nd period - Shot Misses the Net.
4:31 of 2nd period - Shot by Jeff Carter.
4:31 of 2nd period - Shot Misses the Net.
4:41 of 2nd period - Shot by Steven Stamkos.
4:41 of 2nd period - Stopped by Pascal Leclaire with a rebound.
4:43 of 2nd period - Shot by Steven Stamkos.
4:43 of 2nd period - Stopped by Pascal Leclaire with a rebound.
4:45 of 2nd period - Shot by Nicklas Backstrom.
4:45 of 2nd period - Shot Misses the Net.
4:47 of 2nd period - Shot by Mikhail Grabovski.
4:47 of 2nd period - Stopped by Pascal Leclaire without a rebound.
4:48 of 2nd period - Ryan Getzlaf wins face-off versus T.J. Galiardi in Wild zone.
4:50 of 2nd period - Icing by Milan Michalek.
4:51 of 2nd period - Ryan Getzlaf wins face-off versus Wayne Simmonds in Wild zone.
4:53 of 2nd period - Christopher Higgins is hit by Wayne Simmonds and loses puck.
5:19 of 2nd period - T.J. Galiardi is hit by Michal Rozsival and loses puck.
5:39 of 2nd period - Joni Pitkanen is hit by Shea Weber and loses puck.
5:55 of 2nd period - Jeff Carter is hit by Joni Pitkanen and loses puck.
6:21 of 2nd period - Ruslan Fedotenko is hit by Shea Weber and loses puck.
6:36 of 2nd period - Shot by Alexei Ponikarovsky.
6:36 of 2nd period - Stopped by Pekka Rinne without a rebound.
6:37 of 2nd period - T.J. Galiardi wins face-off versus Mike Modano in Predators zone.
7:01 of 2nd period - Shot by Simon Gagne.
7:01 of 2nd period - Shot Misses the Net.
7:14 of 2nd period - Brian Gionta is hit by Braydon Coburn.
7:55 of 2nd period - Minor Penalty to Marian Gaborik for Interference.
7:56 of 2nd period - Christopher Higgins wins face-off versus Nicklas Backstrom in Predators zone.
8:14 of 2nd period - Minor Penalty to Brent Burns for Slashing.
8:15 of 2nd period - Steven Stamkos wins face-off versus Rene Bourque in Predators zone.
9:39 of 2nd period - Shot by Tom Gilbert.
9:39 of 2nd period - Stopped by Pekka Rinne without a rebound.
9:40 of 2nd period - Mike Modano wins face-off versus T.J. Galiardi in Predators zone.
9:49 of 2nd period - Shot by Joni Pitkanen.
9:49 of 2nd period - Stopped by Pekka Rinne without a rebound.
9:50 of 2nd period - Milan Michalek wins face-off versus Nicklas Backstrom in Predators zone.
10:52 of 2nd period - Tomas Kaberle is hit by Alexei Ponikarovsky and loses puck.
11:18 of 2nd period - Mikhail Grabovski is hit by Andrew Alberts and loses puck.
11:52 of 2nd period - Rene Bourque is hit by Wayne Simmonds and loses puck.
12:17 of 2nd period - Shot by Ryan Getzlaf.
12:17 of 2nd period - Shot Misses the Net.
12:25 of 2nd period - Shot by Brian Gionta.
12:25 of 2nd period - Stopped by Pekka Rinne with a rebound.
13:31 of 2nd period - Shot by Christopher Higgins.
13:31 of 2nd period - Shot Blocked by Tomas Kaberle.
13:33 of 2nd period - Shot by Tom Gilbert.
13:33 of 2nd period - Shot Misses the Net.
13:35 of 2nd period - Shot by Mike Modano.
13:35 of 2nd period - Shot Misses the Net.
14:49 of 2nd period - Patric Hornqvist is hit by Christopher Higgins.
14:52 of 2nd period - Off-side.
14:53 of 2nd period - Colin White wins face-off versus T.J. Galiardi in neutral zone.
15:08 of 2nd period - Shot by Rene Bourque.
15:08 of 2nd period - Shot Misses the Net.
17:29 of 2nd period - Shot by Mikhail Grabovski.
17:29 of 2nd period - Shot Misses the Net.
17:31 of 2nd period - Shot by Mikhail Grabovski.
17:31 of 2nd period - Shot Misses the Net.
17:33 of 2nd period - Shot by Marian Gaborik.
17:33 of 2nd period - Goal by Marian Gaborik - Wild : 3 - Predators : 5.
17:33 of 2nd period - Craig Anderson enters game.
17:34 of 2nd period - Nicklas Backstrom wins face-off versus Rene Bourque in neutral zone.
17:39 of 2nd period - Shot by Steven Stamkos.
17:39 of 2nd period - Shot Misses the Net.
17:47 of 2nd period - Steven Stamkos is hit by Ruslan Fedotenko.
18:31 of 2nd period - T.J. Galiardi is hit by Marc-Andre Bergeron and loses puck.
18:38 of 2nd period - Shot by Marc-Andre Bergeron.
18:38 of 2nd period - Shot Misses the Net.
18:42 of 2nd period - Shot by Christopher Higgins.
18:42 of 2nd period - Shot Misses the Net.
18:44 of 2nd period - Shot by Ruslan Fedotenko.
18:44 of 2nd period - Deflect By Christopher Higgins.
18:44 of 2nd period - Stopped by Pekka Rinne with a rebound.
19:29 of 2nd period - Shot by Ryan Getzlaf.
19:29 of 2nd period - Stopped by Pekka Rinne without a rebound.
19:30 of 2nd period - Ryan Getzlaf wins face-off versus Mikhail Grabovski in Predators zone.
19:30 of 2nd period - Minor Penalty to Cody Franson for Roughing.
19:31 of 2nd period - Ryan Getzlaf wins face-off versus Steven Stamkos in Predators zone.

Period #3

0:01 of 3rd period - Ryan Getzlaf wins face-off versus Nicklas Backstrom in neutral zone.
0:04 of 3rd period - Braydon Coburn is hit by Ryan Getzlaf and loses puck.
0:33 of 3rd period - Shot by Ryan Getzlaf.
0:33 of 3rd period - Goal by Ryan Getzlaf - Wild : 4 - Predators : 5.
0:34 of 3rd period - Mikhail Grabovski wins face-off versus Mike Modano in neutral zone.
1:45 of 3rd period - Shot by Chad LaRose.
1:45 of 3rd period - Stopped by Craig Anderson without a rebound.
1:46 of 3rd period - T.J. Galiardi wins face-off versus Ryan Getzlaf in Wild zone.
2:08 of 3rd period - Shot by Ryan Getzlaf.
2:08 of 3rd period - Stopped by Pekka Rinne without a rebound.
2:09 of 3rd period - Ryan Getzlaf wins face-off versus Nicklas Backstrom in Predators zone.
2:32 of 3rd period - Off-side.
2:33 of 3rd period - Mikhail Grabovski wins face-off versus Brian Gionta in neutral zone.
2:40 of 3rd period - Shot by Cody Franson.
2:40 of 3rd period - Stopped by Craig Anderson without a rebound.
2:41 of 3rd period - Mike Modano wins face-off versus T.J. Galiardi in Wild zone.
2:48 of 3rd period - Shot by Rene Bourque.
2:48 of 3rd period - Stopped by Pekka Rinne without a rebound.
2:49 of 3rd period - Patric Hornqvist wins face-off versus Christopher Higgins in Predators zone.
3:11 of 3rd period - Shot by Patric Hornqvist.
3:11 of 3rd period - Stopped by Craig Anderson without a rebound.
3:12 of 3rd period - Nicklas Backstrom wins face-off versus Mike Modano in Wild zone.
3:23 of 3rd period - Shot by Steven Stamkos.
3:23 of 3rd period - Shot Misses the Net.
3:25 of 3rd period - Shot by Jeff Carter.
3:25 of 3rd period - Goal by Jeff Carter - Wild : 4 - Predators : 6.
3:26 of 3rd period - T.J. Galiardi wins face-off versus Ryan Getzlaf in neutral zone.
3:28 of 3rd period - Off-side.
3:29 of 3rd period - Mike Modano wins face-off versus Simon Gagne in neutral zone.
3:32 of 3rd period - Shot by Mike Modano.
3:32 of 3rd period - Stopped by Pekka Rinne with a rebound.
3:36 of 3rd period - Shot by Mike Modano.
3:36 of 3rd period - Stopped by Pekka Rinne with a rebound.
3:38 of 3rd period - Shot by Alexei Ponikarovsky.
3:38 of 3rd period - Deflect By Mike Modano.
3:38 of 3rd period - Goal by Mike Modano - Wild : 5 - Predators : 6.
3:39 of 3rd period - Nicklas Backstrom wins face-off versus Brian Gionta in neutral zone.
4:08 of 3rd period - Rene Bourque is hit by Jeff Carter.
4:40 of 3rd period - Marian Gaborik is hit by Niclas Wallin and loses puck.
4:47 of 3rd period - Cody Franson is hit by Ryan Getzlaf.
5:18 of 3rd period - Minor Penalty to Brent Burns for Holding.
5:19 of 3rd period - Mikhail Grabovski wins face-off versus Brian Gionta in Predators zone.
5:32 of 3rd period - Shot by Tom Gilbert.
5:32 of 3rd period - Shot Misses the Net.
6:08 of 3rd period - Shot by Michal Rozsival.
6:08 of 3rd period - Stopped by Pekka Rinne without a rebound.
6:09 of 3rd period - Ryan Getzlaf wins face-off versus T.J. Galiardi in Predators zone.
6:33 of 3rd period - Shot by Ryan Getzlaf.
6:33 of 3rd period - Shot Misses the Net.
6:35 of 3rd period - Shot by Rene Bourque.
6:35 of 3rd period - Stopped by Pekka Rinne without a rebound.
6:36 of 3rd period - Mike Modano wins face-off versus T.J. Galiardi in Predators zone.
6:36 of 3rd period - Mike Modano is hit by Shea Weber.
7:03 of 3rd period - Shot by Tom Gilbert.
7:03 of 3rd period - Stopped by Pekka Rinne without a rebound.
7:04 of 3rd period - Mike Modano wins face-off versus T.J. Galiardi in Predators zone.
7:04 of 3rd period - Mike Modano is hit by Shea Weber.
7:20 of 3rd period - Minor Penalty to Shea Weber for Roughing.
7:21 of 3rd period - Mike Modano wins face-off versus Nicklas Backstrom in Predators zone.
7:35 of 3rd period - Shot by Christopher Higgins.
7:35 of 3rd period - Stopped by Pekka Rinne without a rebound.
7:36 of 3rd period - T.J. Galiardi wins face-off versus Rene Bourque in Predators zone.
7:49 of 3rd period - Shot by Ryan Getzlaf.
7:49 of 3rd period - Shot Blocked by Brent Burns.
7:51 of 3rd period - Shot by Michal Rozsival.
7:51 of 3rd period - Stopped by Pekka Rinne without a rebound.
7:52 of 3rd period - Milan Michalek wins face-off versus Nicklas Backstrom in Predators zone.
8:00 of 3rd period - Shot by Tom Gilbert.
8:00 of 3rd period - Shot Misses the Net.
8:02 of 3rd period - Shot by Mike Modano.
8:02 of 3rd period - Stopped by Pekka Rinne without a rebound.
8:03 of 3rd period - T.J. Galiardi wins face-off versus Ryan Getzlaf in Predators zone.
8:03 of 3rd period - T.J. Galiardi is hit by Ryan Getzlaf.
8:12 of 3rd period - Ryan Getzlaf is hit by Cody Franson and loses puck.
8:15 of 3rd period - Shot by Joni Pitkanen.
8:15 of 3rd period - Stopped by Pekka Rinne with a rebound.
8:19 of 3rd period - Shot by Ryan Getzlaf.
8:19 of 3rd period - Stopped by Pekka Rinne without a rebound.
8:20 of 3rd period - Mike Modano wins face-off versus Nicklas Backstrom in Predators zone.
8:47 of 3rd period - Shot by Tom Gilbert.
8:47 of 3rd period - Stopped by Pekka Rinne with a rebound.
8:49 of 3rd period - Shot by Tom Gilbert.
8:49 of 3rd period - Shot Misses the Net.
9:24 of 3rd period - Christopher Higgins is hit by Shea Weber and loses puck.
9:34 of 3rd period - Icing by Ruslan Fedotenko.
9:35 of 3rd period - Christopher Higgins wins face-off versus Mikhail Grabovski in Wild zone.
9:48 of 3rd period - Shot by Ruslan Fedotenko.
9:48 of 3rd period - Deflect By Christopher Higgins.
9:48 of 3rd period - Shot Blocked by Cody Franson.
9:50 of 3rd period - Shot by Niclas Wallin.
9:50 of 3rd period - Goal by Niclas Wallin - Wild : 6 - Predators : 6.
9:51 of 3rd period - Mike Modano wins face-off versus Nicklas Backstrom in neutral zone.
9:54 of 3rd period - Shot by Joni Pitkanen.
9:54 of 3rd period - Shot Blocked by Shea Weber.
10:31 of 3rd period - Minor Penalty to Shea Weber for Roughing.
10:32 of 3rd period - Marian Gaborik wins face-off versus Ryan Getzlaf in Predators zone.
10:38 of 3rd period - Icing by Ryan Getzlaf.
10:39 of 3rd period - Marian Gaborik wins face-off versus Ryan Getzlaf in Wild zone.
11:06 of 3rd period - Shot by Milan Michalek.
11:06 of 3rd period - Shot Misses the Net.
11:08 of 3rd period - Shot by Milan Michalek.
11:08 of 3rd period - Stopped by Pekka Rinne without a rebound.
11:09 of 3rd period - T.J. Galiardi wins face-off versus Ryan Getzlaf in Predators zone.
11:21 of 3rd period - Icing by Tom Gilbert.
11:22 of 3rd period - Ryan Getzlaf wins face-off versus T.J. Galiardi in Wild zone.
11:47 of 3rd period - Shot by Chad LaRose.
11:47 of 3rd period - Stopped by Craig Anderson without a rebound.
11:48 of 3rd period - Nicklas Backstrom wins face-off versus Milan Michalek in Wild zone.
12:00 of 3rd period - Icing by Michal Rozsival.
12:01 of 3rd period - Nicklas Backstrom wins face-off versus Milan Michalek in Wild zone.
12:35 of 3rd period - Jeff Carter is hit by Andrew Alberts and loses puck.
13:26 of 3rd period - Icing by Braydon Coburn.
13:27 of 3rd period - Wayne Simmonds wins face-off versus Ryan Getzlaf in Predators zone.
13:39 of 3rd period - Icing by Joni Pitkanen.
13:40 of 3rd period - Ryan Getzlaf wins face-off versus Mikhail Grabovski in Wild zone.
13:45 of 3rd period - Marian Gaborik is hit by Ryan Getzlaf and loses puck.
14:03 of 3rd period - Icing by Michal Rozsival.
14:04 of 3rd period - Ryan Getzlaf wins face-off versus T.J. Galiardi in Wild zone.
15:48 of 3rd period - Shot by Nicklas Backstrom.
15:48 of 3rd period - Shot Misses the Net.
16:25 of 3rd period - Icing by Michal Rozsival.
16:26 of 3rd period - Ryan Getzlaf wins face-off versus Mikhail Grabovski in Wild zone.
16:46 of 3rd period - Icing by Ryan Getzlaf.
16:47 of 3rd period - Nicklas Backstrom wins face-off versus Ryan Getzlaf in Wild zone.
17:00 of 3rd period - Shot by Steven Stamkos.
17:00 of 3rd period - Stopped by Craig Anderson without a rebound.
17:01 of 3rd period - Nicklas Backstrom wins face-off versus Milan Michalek in Wild zone.
17:02 of 3rd period - Shot by Jeff Carter.
17:02 of 3rd period - Shot Misses the Net.
17:07 of 3rd period - Icing by Joni Pitkanen.
17:08 of 3rd period - Rene Bourque wins face-off versus T.J. Galiardi in Wild zone.
17:10 of 3rd period - Minor Penalty to Wayne Simmonds for Tripping.
17:10 of 3rd period - Minor Penalty to Brian Gionta for Holding.
17:11 of 3rd period - Steven Stamkos wins face-off versus Mike Modano in neutral zone.
17:24 of 3rd period - Shot by Steven Stamkos.
17:24 of 3rd period - Stopped by Craig Anderson without a rebound.
17:25 of 3rd period - Rene Bourque wins face-off versus Nicklas Backstrom in Wild zone.
17:32 of 3rd period - Shot by Milan Michalek.
17:32 of 3rd period - Shot Misses the Net.
18:18 of 3rd period - Icing by Tomas Kaberle.
18:19 of 3rd period - Christopher Higgins wins face-off versus Steven Stamkos in Predators zone.
18:24 of 3rd period - Shot by Ryan Getzlaf.
18:24 of 3rd period - Stopped by Pekka Rinne without a rebound.
18:25 of 3rd period - Ryan Getzlaf wins face-off versus Jeff Carter in Predators zone.
19:06 of 3rd period - Off-side.
19:07 of 3rd period - Nicklas Backstrom wins face-off versus Mike Modano in neutral zone.
19:36 of 3rd period - Shot by Jeff Carter.
19:36 of 3rd period - Stopped by Craig Anderson without a rebound.
19:36 of 3rd period - Minor Penalty to Michal Rozsival for Hooking.
19:37 of 3rd period - Nicklas Backstrom wins face-off versus Mike Modano in Wild zone.
19:40 of 3rd period - Shot by Patric Hornqvist.
19:40 of 3rd period - Stopped by Craig Anderson without a rebound.
19:41 of 3rd period - Rene Bourque wins face-off versus Nicklas Backstrom in Wild zone.
19:41 of 3rd period - Rene Bourque is hit by Nicklas Backstrom.
19:48 of 3rd period - Icing by Patric Hornqvist.
19:49 of 3rd period - Patric Hornqvist wins face-off versus Mike Modano in Predators zone.

Overtime #1

0:01 of 1st overtime period - Steven Stamkos wins face-off versus Ryan Getzlaf in neutral zone.
0:19 of 1st overtime period - Shot by Shea Weber.
0:19 of 1st overtime period - Stopped by Craig Anderson without a rebound.
0:20 of 1st overtime period - Ryan Getzlaf wins face-off versus Nicklas Backstrom in Wild zone.
0:29 of 1st overtime period - Shot by Mikhail Grabovski.
0:29 of 1st overtime period - Stopped by Craig Anderson without a rebound.
0:30 of 1st overtime period - Nicklas Backstrom wins face-off versus Ryan Getzlaf in Wild zone.
0:50 of 1st overtime period - Off-side.
0:51 of 1st overtime period - Mike Modano wins face-off versus Steven Stamkos in neutral zone.
0:59 of 1st overtime period - Icing by Steven Stamkos.
1:00 of 1st overtime period - Steven Stamkos wins face-off versus Mike Modano in Predators zone.
1:27 of 1st overtime period - Ryan Getzlaf is hit by Steven Stamkos and loses puck.
2:03 of 1st overtime period - Shot by Mikhail Grabovski.
2:03 of 1st overtime period - Stopped by Craig Anderson without a rebound.
2:04 of 1st overtime period - Rene Bourque wins face-off versus Nicklas Backstrom in Wild zone.
2:13 of 1st overtime period - Shot by Milan Michalek.
2:13 of 1st overtime period - Shot Misses the Net.
2:15 of 1st overtime period - Shot by Rene Bourque.
2:15 of 1st overtime period - Shot Misses the Net.
2:21 of 1st overtime period - Shot by Rene Bourque.
2:21 of 1st overtime period - Stopped by Pekka Rinne without a rebound.
2:22 of 1st overtime period - Nicklas Backstrom wins face-off versus Rene Bourque in Predators zone.
2:34 of 1st overtime period - Minor Penalty to Joni Pitkanen for Hooking.
2:35 of 1st overtime period - Christopher Higgins wins face-off versus Steven Stamkos in Wild zone.
2:58 of 1st overtime period - Shot by Jeff Carter.
2:58 of 1st overtime period - Shot Misses the Net.
3:00 of 1st overtime period - Shot by Steven Stamkos.
3:00 of 1st overtime period - Deflect By Jeff Carter.
3:00 of 1st overtime period - Stopped by Craig Anderson with a rebound.
3:04 of 1st overtime period - Shot by Steven Stamkos.
3:04 of 1st overtime period - Shot Blocked by Tom Gilbert.
3:59 of 1st overtime period - Shea Weber is hit by Ryan Getzlaf and loses puck.
4:40 of 1st overtime period - Shot by Brent Burns.
4:40 of 1st overtime period - Stopped by Craig Anderson without a rebound.
4:41 of 1st overtime period - Nicklas Backstrom wins face-off versus Milan Michalek in Wild zone.
4:42 of 1st overtime period - Shot by Mikhail Grabovski.
4:42 of 1st overtime period - Shot Misses the Net.
4:44 of 1st overtime period - Shot by Patric Hornqvist.
4:44 of 1st overtime period - Stopped by Craig Anderson without a rebound.
4:45 of 1st overtime period - Nicklas Backstrom wins face-off versus Rene Bourque in Wild zone.

ShootOut

ShootOut - Penalty Shot by Ryan Getzlaf for Wild.
ShootOut - Goal by Ryan Getzlaf.
ShootOut - Penalty Shot by Nicklas Backstrom for Predators.
ShootOut - Goal by Nicklas Backstrom.
ShootOut - Penalty Shot by Brian Gionta for Wild.
ShootOut - Goal by Brian Gionta.
ShootOut - Penalty Shot by Marian Gaborik for Predators.
ShootOut - Goal by Marian Gaborik.
ShootOut - Penalty Shot by Rene Bourque for Wild.
ShootOut - Stopped by Pekka Rinne.
ShootOut - Penalty Shot by Steven Stamkos for Predators.
ShootOut - Goal by Steven Stamkos.


Output by the SimonT Hockey Simulator (STHS) for Stephane Roy -- Original Page W3C XHTML 1.0 Valid